 Dungeon Crawl Stone Soup version 0.23-a0-558-g30802b1 (webtiles) character file.

51 nikopol the Skirmisher (level 3, 0/34 HPs)
             Began as a Minotaur Berserker on Dec 11, 2018.
             Was a Believer of Trog.
             Succumbed to an adder's poison
             ... on level 2 of the Dungeon.
             The game lasted 00:01:24 (1040 turns).

nikopol the Skirmisher (Minotaur Berserker)         Turns: 1040, Time: 00:01:25

Health: 0/34       AC:  2    Str: 21    XL:     3   Next: 58%
Magic:  2/2        EV: 12    Int:  9    God:    Trog [**....]
Gold:   10         SH:  0    Dex: 10    Spells: 2/2 levels left

rFire    . . .     SeeInvis .   a - +0 hand axe
rCold    . . .     Gourm    .   (no shield)
rNeg     . . .     Faith    .   b - +0 animal skin
rPois    .         Spirit   .   (helmet restricted)
rElec    .         Reflect  .   (no cloak)
rCorr    .         Harm     .   (no gloves)
MR       .....                  (no boots)
Stlth    +.........             (no amulet)
HPRegen  0.11/turn              (no ring)
MPRegen  0.08/turn              (no ring)

@: brilliant, lethally poisoned (0 -> -11), berserk cooldown, slowed, very slow
A: retaliatory headbutt, horns 2
a: Berserk, Trog's Hand, Renounce Religion


You were on level 2 of the Dungeon.
You worshipped Trog.
Trog was pleased with you.
You were very hungry.

You visited 1 branch of the dungeon, and saw 2 of its levels.

You collected 10 gold pieces.

Inventory:

Hand Weapons
 a - a +0 hand axe (weapon)
Missiles
 i - 18 arrows
Armour
 b - a +0 animal skin (worn)
Scrolls
 d - 2 scrolls of remove curse {unknown}
 f - a scroll of teleportation {unknown}
 h - a scroll of identify {unknown}
 l - a scroll of fog {unknown}
Potions
 g - a potion of cancellation {unknown}
 j - a potion of curing {unknown}
Comestibles
 c - 5 rations


   Skills:
 + Level 4.5 Fighting
 + Level 4.3 Axes
 + Level 2.7 Armour
 + Level 2.6 Dodging


You had 2 spell levels left.
You didn't know any spells.
Your spell library was empty.

Dungeon Overview and Level Annotations

Branches:
Dungeon (2/15)

Altars:


Innate Abilities, Weirdness & Mutations

You reflexively headbutt those who attack you in melee.
You have a pair of horns on your head.


Message History

You feel a strong urge to attack something.
* * * LOW HITPOINT WARNING * * *
You feel sick.
You see here a frilled lizard corpse.
You butcher the frilled lizard corpse.
* * * LOW HITPOINT WARNING * * *
You feel sick.
Things that are here:
a chunk of flesh; a frilled lizard skeleton You feel your anger nearly subside.
You see here a rat corpse.
You are too berserk!
You are no longer berserk.
You are exhausted.
You feel yourself slow down.
* * * LOW HITPOINT WARNING * * *
You feel sick.
It was a potion of brilliance.
You feel clever all of a sudden.
You die...

########
##......##
##.$......##
#..........#
#..........#
#....<...).#
#...?@.....#
#...(†.....#
##..%.†......
#.......[...
#.............
..............>.
.###............
#...........#
#..........##


There were no monsters in sight!

Vanquished Creatures
  An adder (D:2)
  3 dart slugs (D:1)
  A ball python (D:1)
  2 giant cockroaches (D:1)
  5 goblins (D:1)
  3 hobgoblins (D:1)
  3 jackals (D:2)
  5 bats (D:1)
  4 frilled lizards
  5 kobolds (D:1)
  3 rats
35 creatures vanquished.

Notes
Turn   | Place    | Note
-------+----------+-------------------------------------------
     0 | D:1      | nikopol the Minotaur Berserker began the quest for the Orb.
     0 | D:1      | Reached XP level 1. HP: 19/19 MP: 0/0
   101 | D:1      | Reached XP level 2. HP: 14/27 MP: 1/1
   510 | D:1      | Reached XP level 3. HP: 22/33 MP: 2/2
   736 | D:1      | Reached ** piety under Trog
  1039 | D:2      | HP: 1/34 [poisoned by an adder]
  1040 | D:2      | Succumbed to an adder's poison

Vault maps used:
D:1:      tarquinn_simple_flora_water_d

Skill      XL: |  1  2 |
---------------+-------+-----
Axes           | 4 |  4.3
Fighting       | 4 |  4.5
Armour         | |  2.7
Dodging        | |  2.6

Action                   || total
-------------------------++-------
Melee: Hand axe          ||    70
       Headbutt          ||     6
Invok: Berserk           ||     1
  Use: Potion            ||     1
Armor: Animal skin       ||    19
Dodge: Dodged            ||    52

Table legend:
 A = Non-vault XP
 B = Vault XP
 C = Vault XP percentage of total XP
 D = Non-vault monster count
 E = Vault monster count
 F = Vault count percentage of total count
                 A         B        C        D         E       F
            +---------+---------+-------+---------+---------+-------
      Total |      74 |       0 |   0.0 |      35 |       0 |   0.0
            +---------+---------+-------+---------+---------+-------
        D:1 |      52 |       0 |   0.0 |      28 |       0 |   0.0
        D:2 |      22 |       0 |   0.0 |       7 |       0 |   0.0
            +---------+---------+-------+---------+---------+-------
